 Dungeon Crawl Stone Soup version 0.18-a0-1683-gf9322e6 (webtiles) character file.

405538 Woebin the Axe Maniac (level 23, 0/234 HPs)
             Began as a Hill Orc Fighter on Apr 3, 2016.
             Was the Champion of Beogh.
             Slain by a flying skull (9 damage)
             ... on level 2 of the Abyss on Apr 4, 2016.
             The game lasted 06:42:48 (45052 turns).

Woebin the Axe Maniac (Hill Orc Fighter)           Turns: 45052, Time: 06:42:49

Health: 0/234      AC: 41    Str: 37    XL:     23   Next: 5%
Magic:  26/26      EV: 14    Int: 11    God:    Beogh [******]
Gold:   2880       SH:  6    Dex: 15    Spells: 0 memorised, 24 levels left

rFire  . . .     SeeInvis .     a - +8 battleaxe "Miloapto" {chop, rPois rC++}
rCold  + + +     Gourm    .     y - +5 plate armour {MR+}
rNeg   + . .     Faith    .     (shield currently unavailable)
rPois  +         Spirit   .     m - +3 helmet "Nunyrchai" {rC+}
rElec  +         Dismiss  .     q - +0 cloak of Exclusion {*Drain rC+ Int+3 Stlth+}
rCorr  +         Reflect  +     n - +2 pair of gloves {Dex+3}
SustAt .         Harm     .     E - +2 pair of boots {Fly}
MR     ++...     Clarity  +     Z - +6 amulet of reflection
Stlth  ..........               j - ring of Boytomp {rN+ Str+3}
                                c - ring of Tefuc {rCorr *Drain rElec rC+ Str+5}

@: very slightly contaminated, non-regenerating, diseased, hasted, very quick,
very resistant to hostile enchantments, extremely unstealthy
A: walk on water, agile 1, clarity
a: Smiting, Recall Orcish Followers, Give Item to Named Follower, Resurrection,
Renounce Religion, Evoke Flight
}: 3/15 runes: serpentine, barnacled, silver


You were on level 2 of the Abyss.
You worshipped Beogh.
Beogh was exalted by your worship.
You were not hungry.

You visited 7 branches of the dungeon, and saw 40 of its levels.
You visited the Abyss 1 time.
You also visited: Ossuary and Bailey.

You collected 4850 gold pieces.
You spent 1970 gold pieces at shops.

Inventory:

Hand Weapons
 a - the +8 battleaxe "Miloapto" (weapon) {chop, rPois rC++}
   (You bought it in a shop on level 2 of the Elven Halls)

   It inflicts extra damage upon your enemies.
   It greatly protects you from cold.
   It protects you from poison.
 i - the +5 morningstar of Ragaqyl {elec, SInv}
   (You found it on level 5 of the Vaults)

   Occasionally, upon striking a foe, it will discharge some electrical energy
   and cause terrible harm.
   It lets you see invisible.
 Q - the +7 battleaxe of Taxation {drain, rF+++ Int+3}
   (You found it on level 5 of the Vaults)

   A truly terrible weapon, it drains the life of those it strikes.
   It affects your intelligence (+3).
   It renders you almost immune to fire.
Missiles
 H - 44 tomahawks of returning (quivered)
Armour
 m - the +3 helmet "Nunyrchai" (worn) {rC+}
   (You bought it in a shop on level 15 of the Dungeon)

   It protects you from cold.
 n - a +2 pair of gloves of dexterity (worn)
 q - the +0 cloak of Exclusion (worn) {*Drain rC+ Int+3 Stlth+}
   (You found it on level 10 of the Dungeon)

   It affects your intelligence (+3).
   It protects you from cold.
   It causes draining when unequipped.
   It makes you more stealthy.
 v - the +3 buckler of Dukokhle {rC- MR+++ Int+4 SInv}
   (You found it on level 5 of the Vaults)

   It affects your intelligence (+4).
   It makes you vulnerable to cold.
   It affects your resistance to hostile enchantments.
   It lets you see invisible.
 y - a +5 plate armour of magic resistance (worn)
 E - a +2 pair of boots of flying (worn)
Jewellery
 c - the ring of Tefuc (left hand) {rCorr *Drain rElec rC+ Str+5}
   (You found it on level 15 of the Dungeon)

   [ring of resist corrosion]

   It affects your strength (+5).
   It protects you from cold.
   It insulates you from electricity.
   It causes draining when unequipped.
 g - an uncursed ring of sustain attributes
 h - the ring "Imacegh" {+Fly Str+4 SInv}
   (You bought it in a shop on level 10 of the Dungeon)

   [ring of see invisible]

   It affects your strength (+4).
   It lets you see invisible.
   It lets you fly.
 j - the ring of Boytomp (right hand) {rN+ Str+3}
   (You took it off a human on level 15 of the Dungeon)

   [ring of positive energy]

   It affects your strength (+3).
   It protects you from negative energy.
 s - the ring of Grontol {rCorr +Inv rElec MR+}
   (You took it off a vault warden on level 5 of the Vaults)

   [ring of resist corrosion]

   It insulates you from electricity.
   It affects your resistance to hostile enchantments.
   It lets you turn invisible.
 Z - a +6 amulet of reflection (around neck)
Wands
 e - a wand of iceblast (2/15)
 f - a wand of lightning (8/15)
 x - a wand of paralysis (17/24)
 C - a wand of enslavement (10/24)
 F - a wand of acid (4/15)
 G - a wand of acid (0/15)
 K - a wand of disintegration (5/24)
 L - a wand of teleportation (3/9)
 O - a wand of digging (10/24)
Scrolls
 b - 4 scrolls of identify
 u - 4 scrolls of recharging
 z - 20 scrolls of remove curse
 B - 8 scrolls of magic mapping
 D - 2 scrolls of brand weapon
 M - 2 scrolls of enchant weapon
 N - 5 scrolls of blinking
 U - a scroll of holy word
 V - 18 scrolls of teleportation
Potions
 d - 3 potions of might
 k - 5 potions of cancellation
 p - 3 potions of cure mutation
 r - 4 potions of berserk rage
 t - a potion of brilliance
 w - 3 potions of lignification
 A - 7 potions of agility
 I - 2 potions of curing
 R - 2 potions of magic
 S - a potion of resistance
Miscellaneous
 o - a phantom mirror
 W - a sack of spiders {used: 2}
 Y - an ornate deck of wonders {the Mercenary}
Comestibles
 l - a royal jelly
 P - 7 bread rations
 X - 10 meat rations


   Skills:
 + Level 25.5 Fighting
 O Level 27 Axes
 + Level 2.1 Throwing
 + Level 18.6 Armour
 + Level 8.7 Dodging
 + Level 12.3 Shields
 + Level 0.4 Unarmed Combat
 + Level 1.3 Spellcasting
   Level 1.0 Conjurations
   Level 0.6 Summonings
 + Level 4.0 Invocations
 + Level 1.7 Evocations


You had 24 spell levels left.
You didn't know any spells.

Dungeon Overview and Level Annotations

Branches:
Dungeon (15/15)            Temple (0/1) D:5            Lair (8/8) D:10
 Shoals (4/4) Lair:3        Snake (4/4) Lair:4        Slime (0/6) Lair:6
    Orc (2/2) D:11            Elf (2/3) Orc:2        Vaults (5/5) D:14
  Crypt (0/3) Vaults:2     Depths (0/5) D:15

Altars:
Ashenzari
Cheibriados
Dithmenos
Elyvilon
Nemelex Xobeh
Okawaru
Pakellas
Qazlal
Ru
Sif Muna
Trog
Xom
Zin
Beogh

Shops:
D:9 %   D:10 :!==   D:14 :   D:15 :*[   Orc:2 :!!*   Elf:1 *   Elf:2 !(
Shoals:1 !   Shoals:4 *   Vaults:3 }   Vaults:5 =

Annotations:
Elf:2 2 runed doors


Innate Abilities, Weirdness & Mutations

You can walk on water.
You are agile. (Dex +2)
You possess an exceptional clarity of mind.


Message History

The ynoxinul hits you.
* * * LOW HITPOINT WARNING * * *
The jiangshi closely misses you.
The jiangshi claws you but does no damage.
A large abomination comes into view.
You block the jiangshi's attack. x2
An ufetubus and a thrashing horror come into view.
The ufetubus shouts!
The bone dragon completely misses you. You block the bone dragon's attack.
The bone dragon tramples you but does no damage.
The ynoxinul gestures.
A flying skull comes into view.
The ufetubus closely misses you.
The ufetubus hits you but does no damage.
A flying skull comes into view.
The ynoxinul gestures.
A flying skull comes into view.
The ufetubus shouts!
The flying skull hits you!
You die...

# #. #.#. .z #...
### #z. .
#.#...##.## #.. #
. .
....#.....##.##.#
. .......@.....#
.# .
.......z...#.# .
.# .............#
##. .
....#...V.###.#
.#
...###.5D#####.#
...#
....#..553#..##
.# #
.......5.5.#.#
#.#
.......3.5..###
## .#
......x.....##.).
†


You could see a bone dragon, a jiangshi, 2 ynoxinuls, a flying skull, a quasit
and 5 ufetubi.

Vanquished Creatures
  Boris (Vaults:3)
  A lich (Vaults:2)
  4 tentacled monstrosities (Vaults:5)
  Rupert (D:14)
  2 titans
  A deep elf blademaster (Elf:2)
  A quicksilver dragon (Vaults:5)
  2 sphinxes
  A storm dragon (Vaults:5)
  A shadow dragon (Vaults:5)
  2 tengu reavers (Vaults:5)
  9 greater nagas
  Wiglaf (Vaults:2)
  6 frost giants
  Ilsuiw (Shoals:4)
  2 iron dragons (Vaults:5)
  A fire giant (Vaults:1)
  12 vault wardens
  2 deep elf sorcerers (Vaults:5)
  Donald (D:14)
  A deep elf elementalist (Vaults:5)
  Aizul (Shoals:1)
  6 ironheart preservers
  The ghost of Torax the Spear-Bearer, a journeyman DsWz of Nemelex Xobeh (D:13)
  3 very ugly things
  A war gargoyle (Vaults:5)
  9 stone giants
  A salamander stormcaller (Vaults:3)
  3 deep elf annihilators
  Azrael (D:15)
  2 deep elf demonologists
  3 ettins (Vaults:5)
  3 merfolk javelineers (Shoals:4)
  7 merfolk impalers
  13 vault guards
  A deep elf death mage (Vaults:3)
  2 deep elf high priests
  A crystal guardian (Vaults:5)
  10 yaktaur captains
  5 great orbs of eyes
  2 ice dragons
  2 rakshasas
  8 centaur warriors
  12 naga warriors
  3 hydras
  17 anacondas
  2 merfolk avatars (Shoals:4)
  13 dancing weapons
  A death knight (Vaults:3)
  A queen ant (shapeshifter) (Vaults:5)
  6 ogre magi
  3 merfolk aquamancers
  2 satyrs (Shoals:4)
  A deep troll shaman (D:15)
  A tengu warrior (D:15)
  6 death yaks
  11 naga sharpshooters
  4 shock serpents
  4 spriggans (D:15)
  16 deep elf knights
  The ghost of Gorice the Carver, a novice DsCK of Xom (D:8)
  A fire crab (shapeshifter) (D:15)
  2 salamander mystics (Snake:3)
  6 skeletal warriors
  9 sea snakes
  A flayed ghost (Vaults:4)
  7 deep trolls
  A giant orange brain (Vaults:3)
  5 unseen horrors
  10 naga ritualists
  6 deep elf archers
  5 orc knights
  14 ironbrand convokers
  8 harpies
  A phantasmal warrior (Vaults:4)
  A lindwurm (shapeshifter) (Vaults:5)
  6 hill giants
  12 griffons
  16 fauns
  34 deep elf magi
  3 wolf spiders
  9 mana vipers
  A cyclops (shapeshifter) (Vaults:5)
  8 salamanders
  2 orc sorcerers (Orc:2)
  2 necromancers
  10 manticores
  24 ugly things
  A small abomination (Vaults:3)
  11 cyclopes
  A hornet (Vaults:1)
  An elephant (Lair:5)
  An iron dragon skeleton (Vaults:4)
  A centaur zombie (D:13)
  2 guardian serpents (shapeshifter)
  3 centaur skeletons
  12 guardian serpents
  9 vault sentinels
  39 black mambas
  5 sirens
  Psyche (D:9)
  14 naga magi
  2 water nymphs
  A smoke demon (Abyss:2)
  The ghost of Woebin the Firebug, a novice HOFE (D:4)
  5 spiny frogs
  The ghost of Duffy the Chopper, a novice DsBe of Trog (D:7)
  2 komodo dragons
  2 rime drakes
  A demonic crawler (Abyss:2)
  A tengu conjurer (D:15)
  6 kobold demonologists
  A tormentor (Abyss:2)
  3 freezing wraiths
  38 yaktaurs
  A jumping spider (shapeshifter) (Vaults:1)
  A queen bee (shapeshifter) (Vaults:1)
  2 trolls
  16 merfolk
  2 yaktaur skeletons
  A troll (shapeshifter) (Vaults:4)
  9 two-headed ogres
  A giant leech (shapeshifter) (Vaults:5)
  2 wind drakes
  14 blink frogs
  11 snapping turtles
  5 boulder beetles
  2 slime creatures
  2 air elementals (Elf:2)
  A stone giant simulacrum (Vaults:4)
  15 water elementals
  A vampire (D:15)
  A spriggan (shapeshifter) (Vaults:3)
  38 yaks
  5 wraiths
  Eustachio (D:5)
  A hog (shapeshifter) (Vaults:3)
  A human simulacrum (Vaults:2)
  4 hogs (D:12)
  7 fire elementals
  5 hippogriffs
  Grum (D:11)
  5 basilisks (Lair:8)
  11 humans
  A hungry ghost (D:13)
  14 vampire mosquitoes
  4 mottled dragons
  A deep troll zombie (Vaults:4)
  A naga (shapeshifter) (Vaults:3)
  3 wargs
  50 nagas
  A hell hound (D:15)
  11 water moccasins
  A hell hound (shapeshifter) (Vaults:4)
  11 porcupines
  2 swamp drakes (Lair:8)
  3 ice beasts
  6 orc warriors
  A sky beast (D:14)
  An ettin simulacrum (Vaults:3)
  A phantom (D:10)
  7 wasps
  An ogre (shapeshifter) (Abyss:2)
  19 ogres
  2 eyes of draining
  8 boggarts
  An elf skeleton (Vaults:4)
  5 wolves
  18 centaurs
  10 crocodiles
  2 big kobolds
  A gnoll sergeant (D:6)
  Blork the orc (D:4)
  16 giant frogs
  An earth elemental (Elf:1)
  A deep troll simulacrum (Vaults:1)
  5 scorpions
  3 killer bees (D:10)
  4 howler monkeys
  10 wights
  An electric eel (D:7)
  A jelly (shapeshifter) (Vaults:4)
  A wasp zombie (D:9)
  A lava snake (Lair:8)
  4 crimson imps
  2 giant frog zombies
  A quasit (D:10)
  3 human zombies
  14 hounds
  Crazy Yiuf (D:5)
  2 jellies
  8 orc priests
  11 iguanas
  A giant frog skeleton (D:7)
  7 orc wizards
  An iguana (shapeshifter) (Vaults:5)
  Natasha (thrice) (D:3)
  3 human skeletons
  3 worker ants
  A killer bee zombie (D:11)
  22 sheep
  8 mummies (Ossuary)
  A howler monkey zombie (D:5)
  4 gnolls (D:6)
  7 adders
  30 river rats
  3 shadow imps
  A white imp (D:12)
  An ooze (D:8)
  2 adder skeletons
  4 worms
  3 dart slugs
  7 giant geckos
  26 orcs
  3 ball pythons
  4 giant cockroaches
  A gnoll zombie (Ossuary)
  12 goblins
  7 hobgoblins
  13 jackals
  28 kobolds
  2 quokkas
  7 bats
  6 giant newts
  2 hobgoblin zombies (Ossuary)
  A jackal skeleton (D:4)
  A kobold zombie (Ossuary)
  2 orc skeletons (D:8)
  4 orc zombies (Ossuary)
  4 rats
  A crawling corpse (Vaults:3)
  7 fungi
  A lurking horror (Abyss:2)
  7 plants
1305 creatures vanquished.

Vanquished Creatures (collateral kills)
  A golden dragon (Vaults:5)
  Nikola (Shoals:1)
  The ghost of George the Warrior, an adept MiFi of the Shining One (Vaults:4)
  Jorgrun (Vaults:1)
  Kirke (D:12)
  Agnes (D:14)
  3 greater nagas (Snake:4)
  2 storm dragons (Vaults:5)
  A tengu reaver (Vaults:2)
  Roxanne (Snake:1)
  4 fire giants
  8 vault wardens
  Maud (Lair:4)
  An orc warlord (Bailey)
  Louise (Elf:2)
  2 deep elf sorcerers (Vaults:3)
  5 ironheart preservers
  2 war gargoyles (Vaults:5)
  4 stone giants
  A merfolk javelineer (Shoals:4)
  3 merfolk impalers
  2 ettins
  A crystal guardian (Vaults:4)
  A fire dragon (Lair:8)
  18 vault guards
  A great orb of eyes (D:15)
  A slime creature (Vaults:3)
  3 yaktaur captains
  3 hydras
  8 naga warriors
  3 death knights
  A centaur warrior (Vaults:3)
  3 merfolk aquamancers
  2 ogre magi
  A deep troll shaman (Vaults:5)
  5 anacondas
  3 tengu warriors
  7 death yaks
  A satyr (Shoals:3)
  12 dancing weapons
  An orc high priest (Orc:2)
  Urug (Lair:3)
  7 naga sharpshooters
  A fire crab (Lair:8)
  A storm dragon zombie (Vaults:4)
  3 deep elf knights
  A shadow wraith (Vaults:5)
  3 skeletal warriors (D:15)
  2 sea snakes
  5 deep elf archers
  3 deep trolls
  4 naga ritualists
  A phantasmal warrior (Vaults:5)
  An ironbrand convoker (Vaults:5)
  3 harpies
  21 deep elf magi
  4 griffons
  3 ugly things
  6 mana vipers
  2 orc sorcerers
  A stone giant zombie (Vaults:2)
  2 necromancers
  2 hornets
  3 fauns
  A wolf spider (Vaults:1)
  2 manticores
  A cyclops (D:15)
  4 salamanders
  3 vault sentinels
  19 black mambas
  2 sirens
  5 guardian serpents
  3 elephants (Lair:5)
  7 naga magi
  2 water nymphs
  2 centaur skeletons
  4 spiny frogs
  2 kobold demonologists (Vaults:3)
  2 rime drakes
  4 komodo dragons
  7 freezing wraiths
  An efreet (D:15)
  18 yaktaurs
  A troll (D:15)
  17 merfolk
  4 two-headed ogres
  2 boulder beetles
  2 wind drakes (Shoals:2)
  A two-headed ogre (shapeshifter) (Vaults:5)
  Prince Ribbit (Lair:1)
  16 blink frogs
  2 snapping turtles
  3 spriggans (Lair:5)
  2 wyverns
  A spriggan (shapeshifter) (D:15)
  3 water elementals
  19 yaks
  A fire bat (shapeshifter) (Vaults:5)
  3 fire elementals
  2 wraiths
  A salamander simulacrum (Vaults:1)
  7 hippogriffs
  4 basilisks
  4 humans (D:14)
  A steam dragon (Lair:8)
  7 vampire mosquitoes
  7 wargs
  3 mottled dragons
  23 nagas
  6 water moccasins
  A swamp drake (Lair:8)
  4 porcupines
  A sky beast (D:11)
  An ice beast (D:12)
  A wasp (D:15)
  A black bear (Lair:3)
  2 black bears (shapeshifter)
  9 orc warriors
  6 ogres
  6 wolves
  A boggart (Vaults:3)
  7 crocodiles
  3 big kobolds
  6 giant frogs
  A wyvern skeleton (D:13)
  A human simulacrum (Vaults:4)
  A wight (D:11)
  2 crimson imps
  A giant frog zombie (D:13)
  A centaur zombie (D:10)
  A hound (D:12)
  2 jellies (Lair:6)
  6 orc priests
  8 orc wizards
  An iguana (Lair:8)
  A worker ant (D:11)
  13 sheep
  2 adders
  A gnoll (Bailey)
  28 river rats
  A giant gecko (D:12)
  24 orcs
  3 goblins (D:13)
  A quokka (D:12)
  2 bats (D:10)
  A kobold (Vaults:2)
  8 rats
  4 fungi
  13 plants
610 creatures vanquished.

Vanquished Creatures (others)
  2 orc warlords (Vaults:5)
  A tengu reaver (Vaults:5)
  A vault warden (Vaults:5)
  2 vault guards (Vaults:5)
  3 orc sorcerers
  4 orc high priests
  21 orc knights
  A deep elf knight (Elf:1)
  2 deep elf magi
  A freezing wraith (Vaults:2)
  A merfolk (Shoals:1)
  2 humans (D:14)
  A naga (Snake:4)
  26 orc warriors
  A howler monkey (D:5)
  22 orc priests
  25 orc wizards
  89 orcs
  A giant cockroach (D:5)
  21 fungi
  16 plants
  12 toadstools (Lair:3)
255 creatures vanquished.

Grand Total: 2170 creatures vanquished

Notes
Turn   | Place    | Note
--------------------------------------------------------------
     0 | D:1      | Woebin the Hill Orc Fighter began the quest for the Orb.
     0 | D:1      | Reached XP level 1. HP: 19/19 MP: 1/1
   324 | D:1      | Reached XP level 2. HP: 27/27 MP: 2/2
   702 | D:2      | Reached skill level 3 in Axes
   702 | D:2      | Reached XP level 3. HP: 33/33 MP: 3/3
   752 | D:2      | Reached skill level 7 in Axes
   752 | D:2      | Reached XP level 4. HP: 47/47 MP: 4/4
  1441 | D:3      | Noticed Natasha
  1457 | D:3      | Killed Natasha
  1457 | D:3      | Reached XP level 5. HP: 40/52 MP: 5/5
  1704 | D:3      | Noticed Natasha
  1710 | D:3      | Killed Natasha
  1977 | D:3      | Learned a level 1 spell: Magic Dart
  2032 | D:3      | Noticed Natasha
  2043 | D:3      | Killed Natasha
  2351 | D:4      | Reached XP level 6. HP: 55/61 MP: 6/6
  2460 | D:4      | Noticed Woebin's ghost (novice HOFE)
  2477 | D:4      | Killed Woebin's ghost
  2477 | D:4      | Reached skill level 1 in Dodging
  2477 | D:4      | Reached XP level 7. HP: 31/67 MP: 6/8
  2857 | D:4      | Noticed Blork the orc
  2871 | D:4      | Killed Blork the orc
  2871 | D:4      | Reached skill level 1 in Spellcasting
  2871 | D:4      | Reached skill level 1 in Conjurations
  3331 | D:5      | Entered Level 5 of the Dungeon
  3573 | D:5      | Became a worshipper of Beogh the Brigand
  3699 | D:5      | Found a staircase to the Ecumenical Temple.
  3728 | D:5      | Reached skill level 8 in Axes
  3738 | D:5      | Gained mutation: Your spells are a little harder to cast, but a little more powerful. [potion of mutation]
  3738 | D:5      | Gained mutation: You are agile. (Dex +2) [potion of mutation]
  3738 | D:5      | Gained mutation: Scrolls take you a little longer to read. [potion of mutation]
  3940 | D:5      | Noticed Eustachio
  3983 | D:5      | Killed Eustachio
  3983 | D:5      | Reached XP level 8. HP: 72/74 MP: 9/9
  4179 | D:5      | Noticed Crazy Yiuf
  4182 | D:5      | Killed Crazy Yiuf
  4555 | D:6      | Reached * piety under Beogh
  4787 | D:6      | Found a shattered altar of Ashenzari.
  4791 | D:6      | Saw a vision of the Shoals and the Snake Pit.
  4791 | D:6      | Noticed a mana viper
  4791 | D:6      | Noticed a salamander
  4791 | D:6      | Noticed a mana viper
  4791 | D:6      | Noticed a sea snake
  4791 | D:6      | Noticed a merfolk
  4791 | D:6      | Noticed a merfolk
  4792 | D:6      | Noticed a black mamba
  4792 | D:6      | Noticed a black mamba
  4792 | D:6      | Noticed a shock serpent
  4792 | D:6      | Noticed a black mamba
  4792 | D:6      | Noticed a siren
  4792 | D:6      | Noticed a shock serpent
  4794 | D:6      | Noticed a naga ritualist
  4855 | D:6      | Reached XP level 9. HP: 74/82 MP: 10/10
  4862 | D:6      | Reached skill level 9 in Axes
  5210 | D:7      | Noticed Duffy's ghost (novice DsBe)
  5232 | D:7      | Killed Duffy's ghost
  5654 | D:7      | Reached ** piety under Beogh
  6252 | D:8      | Reached skill level 10 in Axes
  6257 | D:8      | Found a sand-covered staircase.
  6262 | Ossuary  | Entered an ossuary
  6521 | D:8      | Noticed Gorice's ghost (novice DsCK)
  6544 | D:8      | Killed Gorice's ghost
  6544 | D:8      | Reached XP level 10. HP: 84/91 MP: 11/11
  6628 | D:8      | Learned a level 2 spell: Call Imp
  6692 | D:8      | Found an oddly glowing altar of Pakellas.
  6693 | D:8      | Found a sparkling altar of Nemelex Xobeh.
  6697 | D:8      | Reached *** piety under Beogh
  6701 | D:8      | Found a sacrificial altar of Ru.
  6702 | D:8      | Found a glowing silver altar of Zin.
  6703 | D:8      | Found a snail-covered altar of Cheibriados.
  6703 | D:8      | Found a shadowy altar of Dithmenos.
  6703 | D:8      | Found a bloodstained altar of Trog.
  6703 | D:8      | Found a stormy altar of Qazlal.
  6706 | D:8      | Found a shattered altar of Ashenzari.
  6771 | D:8      | Found a sparkling altar of Nemelex Xobeh.
  6932 | D:8      | Found an iron altar of Okawaru.
  6932 | D:8      | Found a deep blue altar of Sif Muna.
  7094 | D:9      | Noticed Psyche
  7129 | D:9      | Found Yfext's Food Emporium.
  7140 | D:9      | Reached skill level 11 in Axes
  7260 | D:9      | Killed Psyche
  7351 | D:9      | Noticed a reaper
  7396 | D:10     | Entered Level 10 of the Dungeon
  7453 | D:10     | Found Ziewyji's Distillery.
  7481 | D:10     | Got a translucent cloak
  7492 | D:10     | Identified the cursed +0 cloak of Exclusion {*Drain rC+ Int+3 Stlth+} (You found it on level 10 of the Dungeon)
  7495 | D:10     | Bought a potion of heal wounds for 65 gold pieces
  7534 | D:10     | Found Vuorroill's Book Shop.
  7544 | D:10     | Gained mutation: Scrolls take you longer to read. [potion of mutation]
  7544 | D:10     | Gained mutation: You are frail (-10% HP). [potion of mutation]
  7544 | D:10     | Gained mutation: You have a beak for a mouth. [potion of mutation]
  7545 | D:10     | Lost mutation: You are frail (-10% HP). [potion of cure mutation]
  7545 | D:10     | Lost mutation: Scrolls take you longer to read. [potion of cure mutation]
  7545 | D:10     | Lost mutation: You have a beak for a mouth. [potion of cure mutation]
  7545 | D:10     | Lost mutation: Your spells are a little harder to cast, but a little more powerful. [potion of cure mutation]
  7545 | D:10     | Lost mutation: Scrolls take you a little longer to read. [potion of cure mutation]
  7545 | D:10     | Lost mutation: You are agile. (Dex +2) [potion of cure mutation]
  7685 | D:10     | Found a stormy altar of Qazlal.
  7686 | D:10     | Found Qoryng's Jewellery Emporium.
  7687 | D:10     | Noticed a hill giant
  7695 | D:10     | Killed a hill giant
  7695 | D:10     | Reached XP level 11. HP: 31/99 MP: 12/12
  7700 | D:10     | Gained Borgoth as an ally
  7747 | D:10     | Reached **** piety under Beogh
  7752 | D:10     | Reached skill level 12 in Axes
  7779 | D:10     | Found a staircase to the Lair.
  7819 | D:10     | Your ally Borgoth died
  8052 | D:10     | Bought the ring "Imacegh" {+Fly Str+4 SInv} for 325 gold pieces
  8191 | D:10     | Found Umiotaipti's Jewellery Shoppe.
  8414 | Lair:1   | Entered Level 1 of the Lair of Beasts
  8479 | Lair:1   | Reached skill level 10 in Shields
  8531 | Lair:1   | Got a transparent chain mail
  8542 | Lair:1   | Identified the cursed +1 chain mail of Contentment {rF- rCorr Str+5 Stlth+} (You found it on level 1 of the Lair of Beasts)
  8723 | Lair:1   | Reached skill level 10 in Fighting
  8753 | Lair:1   | Noticed Prince Ribbit
  8770 | Lair:1   | Killed Prince Ribbit
  8848 | Lair:1   | Gained Bladwarg as an ally
  8866 | Lair:1   | Reached ***** piety under Beogh
  8870 | Lair:1   | Reached skill level 13 in Axes
  8977 | Lair:1   | Gained Horkud as an ally
  9938 | Lair:3   | Noticed a death yak
  9939 | Lair:3   | Noticed a death yak
  9939 | Lair:3   | Noticed a death yak
  9939 | Lair:3   | Noticed a death yak
  9940 | Lair:3   | Noticed a death yak
  9941 | Lair:3   | Noticed a death yak
  9945 | Lair:3   | Killed a death yak
  9947 | Lair:3   | Killed a death yak
  9947 | Lair:3   | Reached skill level 10 in Armour
  9952 | Lair:3   | Killed a death yak
  9952 | Lair:3   | Reached XP level 12. HP: 108/108 MP: 13/13
  9952 | Lair:3   | Killed a death yak
  9954 | Lair:3   | Killed a death yak
  9954 | Lair:3   | Killed a death yak
  9954 | Lair:3   | Reached skill level 14 in Axes
 10246 | Lair:3   | Found a staircase to the Shoals.
 10321 | Lair:3   | Noticed Urug
 10327 | Lair:3   | Killed Urug
 10908 | Lair:4   | Noticed Maud
 10920 | Lair:4   | Killed Maud
 10948 | Lair:4   | Reached skill level 15 in Axes
 11157 | Lair:4   | Found a staircase to the Snake Pit.
 11649 | Lair:5   | Reached XP level 13. HP: 88/118 MP: 14/14
 11651 | Lair:5   | Reached ****** piety under Beogh
 12351 | Lair:6   | Reached skill level 5 in Dodging
 12537 | Lair:6   | Reached skill level 16 in Axes
 12582 | Lair:6   | Found a staircase to the Slime Pits.
 13778 | Lair:8   | Entered Level 8 of the Lair of Beasts
 14185 | Lair:8   | Reached skill level 17 in Axes
 14474 | Lair:8   | Reached XP level 14. HP: 127/129 MP: 15/15
 14493 | Lair:8   | Got a twisted scale mail
 14506 | Lair:8   | Identified the +0 scale mail "Fazulof" {Regen+ Dex+4} (You found it on level 8 of the Lair of Beasts)
 15575 | D:11     | Noticed Grum
 15584 | D:11     | Killed Grum
 15651 | D:11     | Found a roughly hewn altar of Beogh.
 15651 | D:11     | Found a staircase to the Orcish Mines.
 15670 | Orc:1    | Entered Level 1 of the Orcish Mines
 15730 | Orc:2    | Entered Level 2 of the Orcish Mines
 15730 | Orc:2    | Found a staircase to the Elven Halls.
 15861 | Orc:2    | Found Goextiarr's Assorted Antiques.
 15862 | Orc:2    | Found Pioc's Distillery.
 15869 | Orc:2    | Found Lywof's Book Emporium.
 15874 | Orc:2    | Found Wazoamma's Distillery.
 16573 | Orc:1    | Paralysed by an orc sorcerer for 6 turns
 16612 | Orc:1    | Found a roughly hewn altar of Beogh.
 16727 | Orc:1    | Gained Warrok as an ally
 17040 | Elf:1    | Entered Level 1 of the Elven Halls
 17125 | Elf:1    | Noticed a deep elf annihilator
 17143 | Elf:1    | Killed a deep elf annihilator
 17143 | Elf:1    | Reached skill level 18 in Axes
 17331 | Elf:1    | Found Raukhiyrgh's Retail Resort.
 18620 | Elf:2    | Found Nyjax's Distillery.
 18722 | Elf:2    | Reached XP level 15. HP: 125/139 MP: 16/16
 18732 | Elf:2    | Gained Ortolf as an ally
 18735 | Elf:2    | Gained Arbolt as an ally
 18918 | Elf:2    | Found Siata's Weapon Emporium.
 18923 | Elf:2    | Bought the +8 battleaxe "Miloapto" {chop, rPois rC++} for 862 gold pieces
 19113 | Elf:2    | Found a large runed door.
 19113 | Elf:2    | Found a large runed door.
 19134 | Elf:2    | Reached skill level 19 in Axes
 19138 | Elf:2    | Found a large runed door.
 19138 | Elf:2    | Found a large runed door.
 19177 | Elf:2    | Reached skill level 1 in Throwing
 19194 | Elf:2    | Noticed Louise
 19201 | Elf:2    | Killed Louise
 19608 | Elf:2    | Reached skill level 15 in Fighting
 19625 | Elf:2    | Noticed a deep elf blademaster
 19626 | Elf:2    | Your ally Ortolf died
 19636 | Elf:2    | Killed a deep elf blademaster
 19636 | Elf:2    | Gained Bogward as an ally
 19946 | Elf:1    | Gained Thorok as an ally
 21165 | D:12     | Gained Boruk as an ally
 21167 | D:12     | Noticed Kirke
 21204 | D:12     | Killed Kirke
 21204 | D:12     | Reached skill level 1 in Invocations
 21246 | D:12     | Reached skill level 20 in Axes
 21344 | D:12     | Gained Wargath as an ally
 21928 | D:13     | Reached XP level 16. HP: 137/149 MP: 15/17
 21930 | D:13     | Noticed Torax's ghost (journeyman DsWz)
 21931 | D:13     | Your ally Boruk died
 21949 | D:13     | Killed Torax's ghost
 22148 | D:13     | Found a flagged portal.
 22155 | Bailey   | Entered a bailey
 22293 | Bailey   | Found a runed gate.
 22294 | Bailey   | Found a runed gate.
 22295 | Bailey   | Found a runed gate.
 22437 | Bailey   | Got a shimmering golden ring
 22464 | Bailey   | Identified the ring "Epiuruli" {Str+3 Int+4} (You found it in a bailey)
 22606 | D:13     | Gained Orgrim as an ally
 22902 | D:14     | Killed Agnes
 22945 | D:14     | Got a twisted helmet
 22956 | D:14     | Identified the -1 helmet of Pragmatism {Dex+2} (You found it on level 14 of the Dungeon)
 22988 | D:14     | Found a stormy altar of Qazlal.
 23051 | D:14     | Noticed Donald
 23058 | D:14     | Killed Donald
 23091 | D:14     | Found a gate to the Vaults.
 23095 | D:14     | Noticed Rupert
 23107 | D:14     | Killed Rupert
 23298 | D:14     | Found Xonysa's Book Shop.
 23499 | D:15     | Entered Level 15 of the Dungeon
 23530 | D:15     | Gained mutation: You possess an exceptional clarity of mind. [potion of beneficial mutation]
 23531 | D:15     | Gained mutation: You are agile. (Dex +2) [potion of beneficial mutation]
 23541 | D:15     | Found a staircase to the Depths.
 23575 | D:15     | Reached skill level 21 in Axes
 23626 | D:15     | Got a wavering golden ring
 23627 | D:15     | Identified the ring of Boytomp {rN+ Str+3} (You took it off a human on level 15 of the Dungeon)
 23637 | D:15     | Noticed Azrael
 23648 | D:15     | Killed Azrael
 23660 | D:15     | Your ally Orgrim died
 23663 | D:15     | Gained Morguth as an ally
 23854 | D:15     | Got a vibrating platinum ring
 23857 | D:15     | Identified the ring "Koomn" {Fire Str+4 Int+3 SInv} (You found it on level 15 of the Dungeon)
 23895 | D:15     | Found Foel's Assorted Antiques.
 23908 | D:15     | Bought a shimmering helmet for 275 gold pieces
 23918 | D:15     | Identified the +3 helmet "Nunyrchai" {rC+} (You bought it in a shop on level 15 of the Dungeon)
 23940 | D:15     | Got a glittering granite ring
 23944 | D:15     | Identified the ring of Tefuc {rCorr *Drain rElec rC+ Str+5} (You found it on level 15 of the Dungeon)
 24049 | D:15     | Found Deqahy's Armour Emporium.
 24078 | D:15     | Bought a +1 pair of gloves of dexterity for 214 gold pieces
 24090 | D:15     | Bought a +0 pair of boots of flying for 149 gold pieces
 24144 | D:15     | Reached XP level 17. HP: 48/160 MP: 18/18
 24412 | D:15     | Got a scorched granite ring
 24433 | D:15     | Identified the ring "Temahom" {rN+ EV+2 Stlth+} (You found it on level 15 of the Dungeon)
 24499 | D:15     | Found Nummeb's Book Boutique.
 24659 | D:15     | Reached skill level 22 in Axes
 25091 | Orc:1    | You are sucked into a shaft!
 25494 | Shoals:1 | Entered Level 1 of the Shoals
 25494 | Shoals:1 | Found Tyonuux's Distillery.
 25551 | Shoals:1 | Bought a potion of heal wounds for 80 gold pieces
 25612 | Shoals:1 | Your ally Arbolt died
 25620 | Shoals:1 | Noticed Aizul
 25620 | Shoals:1 | Killed Nikola
 25635 | Shoals:1 | Killed Aizul
 25688 | Shoals:1 | Gained Borgun as an ally
 26548 | Shoals:2 | Your ally Warrok died
 27241 | Shoals:4 | Entered Level 4 of the Shoals
 27244 | Shoals:4 | Your ally Borgun died
 27269 | Shoals:4 | Reached skill level 23 in Axes
 27467 | Shoals:4 | Gained Bogdan as an ally
 27476 | Shoals:4 | Got a ring of the Octopus King
 27477 | Shoals:4 | Identified a ring of the Octopus King {MP+9 AC+1 EV+1 Str+1 Int+1 Dex+1} (You found it on level 4 of the Shoals)
 27631 | Shoals:4 | Identified a +2 rod of ignition (13/13) (You found it on level 4 of the Shoals)
 27703 | Shoals:4 | Reached skill level 15 in Armour
 27728 | Shoals:4 | Noticed Ilsuiw
 27737 | Shoals:4 | Reached XP level 18. HP: 131/172 MP: 19/19
 27737 | Shoals:4 | Killed Ilsuiw
 28109 | Shoals:4 | Got a barnacled rune of Zot
 28112 | Shoals:4 | Got an obsidian-encrusted scale mail
 28123 | Shoals:4 | Identified the +3 scale mail of Intercession {*Corrode rPois Int+7} (You found it on level 4 of the Shoals)
 28152 | Shoals:4 | Found Qibu's Assorted Antiques.
 28594 | Snake:1  | Entered Level 1 of the Snake Pit
 29006 | Snake:1  | Noticed Roxanne
 29018 | Snake:1  | Killed Roxanne
 29020 | Snake:1  | Identified Roxanne's Tome of Moulding (You took it off Roxanne on level 1 of the Snake Pit)
 29994 | Snake:2  | Reached skill level 24 in Axes
 30577 | Snake:2  | Found a white marble altar of Elyvilon.
 30598 | Snake:2  | Gained Worak as an ally
 31134 | Snake:3  | Reached XP level 19. HP: 71/183 MP: 20/20
 31151 | Snake:3  | HP: 11/274 [mana viper (5)]
 31151 | Snake:3  | HP: 4/274 [naga warrior/splash of poison (7)]
 31618 | Snake:3  | Reached skill level 1 in Evocations
 32362 | Snake:3  | Your ally Bogdan died
 32621 | Snake:3  | Reached skill level 25 in Axes
 33394 | Snake:4  | Entered Level 4 of the Snake Pit
 34286 | Snake:4  | Identified a scroll of acquirement
 34517 | Snake:4  | Gained Geork as an ally
 34518 | Snake:4  | Gained Boldo as an ally
 34535 | Snake:4  | Your ally Bogward died
 34538 | Snake:4  | Your ally Geork died
 34588 | Snake:4  | Reached XP level 20. HP: 31/193 MP: 22/22
 34949 | Snake:4  | Got a serpentine rune of Zot
 35243 | Vaults:1 | Entered Level 1 of the Vaults
 35459 | Vaults:1 | Noticed Jorgrun
 35465 | Vaults:1 | Killed Jorgrun
 35678 | Vaults:1 | Gained Olfik as an ally
 35678 | Vaults:1 | Reached skill level 26 in Axes
 37444 | Vaults:2 | Found a shimmering altar of Xom.
 38149 | Vaults:2 | Noticed Wiglaf
 38156 | Vaults:2 | Killed Wiglaf
 38238 | Vaults:2 | Noticed a lich
 38246 | Vaults:2 | Killed a lich
 38255 | Vaults:2 | Found a staircase to the Crypt.
 38357 | Vaults:3 | Reached skill level 27 in Axes
 38860 | Vaults:3 | Reached XP level 21. HP: 153/205 MP: 23/23
 39295 | Vaults:3 | Noticed Boris
 39303 | Vaults:3 | Killed Boris
 39782 | Vaults:3 | Found Jesupyh's Gadget Boutique.
 40286 | Vaults:4 | Noticed George's ghost (adept MiFi)
 40298 | Vaults:4 | Killed George's ghost
 41360 | Vaults:5 | Entered Level 5 of the Vaults
 41376 | Vaults:5 | Reached XP level 22. HP: 191/222 MP: 24/24
 41378 | Vaults:5 | Gained Bolgrim as an ally
 41380 | Vaults:5 | Your ally Boldo died
 41384 | Vaults:5 | Gained Grimold as an ally
 41387 | Vaults:5 | Your ally Worak died
 41394 | Vaults:5 | Your ally Morguth died
 41396 | Vaults:5 | Your ally Grimold died
 42081 | Vaults:5 | Your ally Bolgrim died
 43521 | Vaults:5 | Got a warped battleaxe
 43522 | Vaults:5 | Identified the +7 battleaxe of Taxation {drain, rF+++ Int+3} (You found it on level 5 of the Vaults)
 43869 | Vaults:5 | Got a heavily runed platinum ring
 43884 | Vaults:5 | Identified the ring of Grontol {rCorr +Inv rElec MR+} (You took it off a vault warden on level 5 of the Vaults)
 43910 | Vaults:5 | Noticed a golden dragon
 43918 | Vaults:5 | Killed a golden dragon
 44253 | Vaults:5 | Found Igoac's Jewellery Boutique.
 44255 | Vaults:5 | Got a spiked buckler
 44265 | Vaults:5 | Identified the +3 buckler of Dukokhle {rC- MR+++ Int+4 SInv} (You found it on level 5 of the Vaults)
 44495 | Vaults:5 | Got a scorched morningstar
 44496 | Vaults:5 | Identified the +5 morningstar of Ragaqyl {elec, SInv} (You found it on level 5 of the Vaults)
 44504 | Vaults:5 | Got a silver rune of Zot
 44522 | Vaults:5 | Reached XP level 23. HP: 224/234 MP: 26/26
 44596 | Vaults:5 | Cast into level 2 of the Abyss (a deep elf demonologist)
 45040 | Abyss:2  | HP: 10/234 [smoke demon/divine providence (14)]
 45052 | Abyss:2  | Slain by a flying skull

Vault maps used:
D:1:      mainiacjoe_arrival_reflecting_pool
D:3:      first_bread, uniq_natasha
D:4:      uniq_blork_the_orc
D:5:      minmay_temple_entry_grid, uniq_crazy_yiuf_cottage, uniq_eustachio
D:6:      minmay_strange_pillars, grunt_ashenzari_visionary
D:7:      statuecave_lemuel, grunt_livestock
D:8:      minitemple, amethyst_overflow_temple_binary,
          nicolae_ossuary_entry_catacombs, eino_small_chamber_without_monster,
          nemelex_dance_club_becter
D:9:      grunt_temple_overflow_champion_of_chaos, serial_shops, shop,
          minmay_misc_feat_roman, uniq_psyche
D:10:     grunt_lair_entry_orc_guard_hut, serial_shops, shop, shop,
          kennysheep_mini, nicolae_shop_stone, serial_park_tiny_1,
          grunt_qazlal_sundering
D:11:     david_orc_5, uniq_grum
D:12:     minmay_liquid_box, minmay_fire_ice_demons, uniq_kirke
D:13:     enter_bailey_3
D:14:     david_vaults_3, basic_altar, serial_shops, shop_coins, st_stairs_9,
          hangedman_abyss_or_decor_passed, uniq_agnes
D:15:     hangedman_spin_cycle, uniq_rupert
Lair:1:   grunt_megastairs_5, uniq_prince_ribbit2
Lair:2:   eino_small_chamber_without_monster, lemuel_fruit_tree
Lair:3:   gammafunk_lair_enchanted_lake, shoals_dummy_entry, uniq_urug
Lair:4:   dummy_snake_entry, uniq_maud
Lair:5:   wad_woods_02, bh_autumn_forest_stairs
Lair:6:   minmay_slime_entry_pillars
Lair:7:   st_stairs_6
Lair:8:   guppyfry_lair_end_dragon
Shoals:1: nicolae_shoals_island_circles, serial_shops, shop_fountains,
          uniq_nikola, uniq_aizul
Shoals:4: shoals_end_simple, shoal_ilsuiw, serial_shops, nicolae_shop_crystal,
          nicolae_shoals_siren_and_animal_friends
Snake:1:  uniq_roxanne
Snake:2:  basic_altar, grunt_ministairs_2, spider_trap,
          hangedman_snake_corridor_split
Snake:3:  grunt_ministairs_14
Snake:4:  grunt_snake_rune_serpentine_throne, hangedman_snake_corridor_split
Orc:1:    minmay_orc_temple_c
Orc:2:    st_orc_mages
Elf:1:    minmay_elf_crystal_hexagon, nicolae_alphabet_shops
Elf:2:    serial_shops, nicolae_shop_stone, nicolae_shop_crystal, uniq_louise
Vaults:1: v_misc_23, ontoclasm_vaults_tryst, hangedman_vaults_hat,
          vaults_dpeg_spiral, v_misc_28, nicolae_vaults_shelves_hall,
          nicolae_vaults_fighting_squares, grunt_vaults_bifocal,
          ontoclasm_vaults_spin, nicolae_vaults_little_squares_3,
          nicolae_vaults_asterisk, nicolae_vaults_little_squares_4,
          vaults_dpeg_encased_lava, uniq_jorgrun
Vaults:2: v_misc_24, v_pattern_1, ontoclasm_vaults_ring_square,
          minmay_crypt_entry_nasty_monster, ontoclasm_vaults_loading_screen,
          nicolae_vaults_angled_halls, v_misc_1, nicolae_vaults_three_branches,
          basic_altar, uniq_wiglaf
Vaults:3: nicolae_vaults_border_crossing, vaults_mumra_minichess_inversion,
          v_alt_pattern_5, vaults_room_grunt_arrival_ludios,
          vaults_standard_mumra_lines, nicolae_vaults_mini_display_case,
          ontoclasm_vaults_twist, st_cells, v_alt_pattern_1, serial_shops,
          nicolae_shop_stone, uniq_boris
Vaults:4: ontoclasm_vaults_idyll, v_misc_16, vaults_room_octagon,
          nicolae_vaults_circle_grid_b, nicolae_vaults_stairing_the_circle,
          hangedman_vaults_locks, nicolae_vaults_twisting_passages,
          vaults_room_fancy_cross, vaults_dpeg_doors, hangedman_vaults_nails
Ossuary:  ossuary_tomb_3
Bailey:   bailey_axe_bossmonster_kennysheep, bailey

Skill      XL: |  1  2  3  4  5  6  7  8  9 10 11 12 13 14 15 16 17 18 19 20 21 22 |
---------------+-------------------------------------------------------------------+-----
Fighting       | 4 7 8 9 10 12 13 14 15 16 18 19 20 21 23 25 | 25.5
Axes           | 3 7 8 10 11 13 15 17 18 20 21 23 24 25 27 | 27.0
Armour         | 6 7 8 9 10 11 12 13 14 15 16 17 18 | 18.6
Shields        | 6 7 8 9 10 11 12 | 12.3
Dodging        | 1 2 3 4 5 6 7 8 |  8.7
Spellcasting   | 1 |  1.3
Conjurations   | 1 |  1.0
Throwing       | 1 2 |  2.1
Invocations    | 1 2 3 4 |  4.0
Evocations     | 1 |  1.7
Unarmed Combat | |  0.4
Summonings     | |  0.6

Action                   |  1- 3 |  4- 6 |  7- 9 | 10-12 | 13-15 | 16-18 | 19-21 | 22-24 || total
-------------------------+-------+-------+-------+-------+-------+-------+-------+-------++-------
Melee: War axe           |    68 |   154 |   459 |   318 |       |       |       |       ||   999
       Unarmed           |       |       |     2 |       |    12 |       |       |       ||    14
       Battleaxe         |       |       |       |   166 |   322 |   868 |   917 |   240 ||  2513
       Broad axe         |       |       |       |    99 |   491 |       |       |       ||   590
Throw: Throwing net      |       |     2 |     1 |     2 |       |       |       |       ||     5
       Tomahawk          |       |       |       |       |     8 |     8 |       |       ||    16
Invok: Convert to Beogh  |       |       |     1 |       |       |       |       |       ||     1
       Give Item to Name |       |       |       |     2 |     6 |     3 |     3 |     1 ||    15
       Recall Orcish Fol |       |       |       |       |     7 |    10 |     6 |     2 ||    25
       Resurrection      |       |       |       |       |       |     2 |     2 |       ||     4
       Smiting           |       |       |       |       |       |       |     2 |       ||     2
 Abil: Stop Flying       |       |       |       |       |       |       |     1 |       ||     1
Evoke: Wand              |       |       |       |       |       |     5 |     5 |     1 ||    11
       Sack of spiders   |       |       |       |       |       |       |     1 |     1 ||     2
  Use: Scroll            |     3 |     4 |     9 |    15 |     6 |    21 |    12 |     4 ||    74
       Potion            |     1 |       |     3 |     2 |    12 |    11 |    10 |     4 ||    43
 Stab: Held in net/web   |       |       |     1 |       |       |       |       |       ||     1
       Distracted        |       |       |       |     2 |    13 |    10 |     5 |     6 ||    36
  Eat: Chunk             |       |     6 |     6 |    16 |    28 |    14 |    23 |     6 ||    99
       Meat ration       |       |       |     1 |       |     1 |     1 |     1 |       ||     4
       Beef jerky        |       |       |     3 |       |       |     1 |       |       ||     4
       Pizza             |       |       |       |     1 |     1 |       |       |       ||     2
       Royal jelly       |       |       |       |       |       |     1 |     1 |     1 ||     3
       Bread ration      |       |       |       |       |       |     2 |       |       ||     2
       Fruit             |       |       |       |       |       |     2 |     5 |     6 ||    13
